 Dungeon Crawl Stone Soup version 0.22-a0-135-g6f012ad (webtiles) character file.

0 nono the Insei (level 1, -1/9 HPs)
             Began as a Vine Stalker Transmuter on Feb 1, 2018.
             Slain by a goblin
             ... wielding a cursed -3 club
              (3 damage)
             ... on level 1 of the Dungeon.
             The game lasted 00:00:22 (36 turns).

nono the Insei (Vine Stalker Transmuter)              Turns: 36, Time: 00:00:23

Health: -1/9       AC:  2    Str: 12    XL:     1   Next: 10%
Magic:  0/4        EV: 12    Int: 13    God:
Gold:   5          SH:  0    Dex: 14    Spells: 3/4 levels left

rFire    . . .     SeeInvis .     - Unarmed
rCold    . . .     Gourm    .   (no shield)
rNeg     . . .     Faith    .   b - +0 robe
rPois    .         Spirit   +   (no helmet)
rElec    .         Reflect  .   (no cloak)
rCorr    .         Harm     .   (no gloves)
MR       .....                  (no boots)
Stlth    +.........             (no amulet)
HPRegen  0.03/turn              (no ring)
MPRegen  0.09/turn              (no ring)

@: appendage
A: fangs 2, horns 2, magic shield, antimagic bite, no potion heal 3, rot
immunity
a: End Transformation


You were on level 1 of the Dungeon.
You were not hungry.
You had grown temporary horns.
You visited 1 branch of the dungeon, and saw 1 of its levels.

You collected 5 gold pieces.

Inventory:

Missiles
 a - 12 arrows
Armour
 b - a +0 robe (worn)
Books
 c - a book of Changes

   Spells                             Type                      Level
   a - Beastly Appendage              Transmutation                1
   b - Sticks to Snakes               Transmutation                2
   c - Spider Form                    Transmutation/Poison         3
   d - Ice Form                       Ice/Transmutation            4
   e - Blade Hands                    Transmutation                5
Comestibles
 d - a ration


   Skills:
 - Level 0.8 Fighting
 - Level 1.5 Dodging
 - Level 3.0 Unarmed Combat
 + Level 2.2 Spellcasting
 + Level 2.0 Transmutations


You had 3 spell levels left.
You knew the following spells:

 Your Spells              Type           Power        Failure   Level  Hunger
a - Beastly Appendage     Tmut           #.....       11%         1    ##.....


Dungeon Overview and Level Annotations

Branches:
Dungeon (1/15)

Altars:


Innate Abilities, Weirdness & Mutations

You have extremely sharp teeth.
When hurt, damage is shared between your health and your magic reserves.
Your bite disrupts and absorbs the magic of your enemies.
Potions cannot restore your health.
You are immune to rotting.
You have a pair of horns on your head.


Message History

You see here a ring mail.
A goblin comes into view. It is wielding a club.
A bat and a kobold come into view.
The goblin hits you with a club.
Casting: Beastly Appendage (safe; 11% risk of failure)
Confirm with . or Enter, or press ? or * to list all spells.
You grow a pair of large bovine horns.
The goblin misses you.
You barely miss the goblin. Your bite misses the goblin.
The bat barely misses you. The bat hits you but does no damage.
The goblin hits you but does no damage.
You hit the goblin. Your headbutt misses the goblin.
The goblin is heavily wounded.
The bat hits you but does no damage. The bat misses you.
The goblin hits you with a club.
You closely miss the goblin.
The goblin is moderately wounded.
The bat hits you.
* * * LOW HITPOINT WARNING * * *
The goblin hits you with a club.
You die...

..## ##..#####
.## ##.# ..# #
#..#######.#
#.#.........#
#.#.##..#####..#
#.......# #..#
##.####.#####..#
#
#.##.....#######
#.##.##g@..K....
#..[.....#####..
#....b...#
##.#.###.#
#.........
#######.....
######


You could see a goblin, a bat and a kobold.

Vanquished Creatures
  A frilled lizard (D:1)
1 creature vanquished.

Notes
Turn   | Place    | Note
-------+----------+-------------------------------------------
     0 | D:1      | nono the Vine Stalker Transmuter began the quest for the Orb.
     0 | D:1      | Reached XP level 1. HP: 9/9 MP: 4/4
    36 | D:1      | Slain by a goblin

Vault maps used:
D:1:      saegor_arrival_simple_a, kennysheep_nondescript, st_stairs_12

Action                   || total
-------------------------++-------
Melee: Unarmed           ||     5
       Kick              ||     1
 Cast: Beastly Appendage ||     2
Armor: Robe              ||     3
Dodge: Dodged            ||     3

Table legend:
 A = Spawn XP
 B = Non-spawn XP
 C = Spawn XP percentage of total XP
 D = Spawn monster count
 E = Non-spawn monster count
 F = Spawn count percentage of total count
 G = Total turns spent on level
                    A         B        C        D         E        F      G
               +---------+---------+-------+---------+---------+-------+---------
         Total |       0 |       1 |   0.0 |       0 |       1 |   0.0 |    36
               +---------+---------+-------+---------+---------+-------+---------
           D:1 |       0 |       1 |   0.0 |       0 |       1 |   0.0 |    36
               +---------+---------+-------+---------+---------+-------+---------
